[Event "Titled Tuesday Blitz June 21 Early 2022"]
[White "Abdi, Farzad"]
[Black "Jia, Haoxiang"]
[WhiteFideId "2076829"]
[BlackFideId "8602999"]
[WhiteElo "2245"]
[BlackElo "2605"]
[Result "0-1"]
[Round "01"]
[TimeControl "180+1"]
[Date "2022.06.22"]
[WhiteClock "0:00:07"]
[BlackClock "0:00:35"]

1. e4 c5 2. Nf3 d6 3. d4 cxd4 4. Nxd4 Nf6 5. Nc3 g6 6. Bc4 Bg7 7. Bb3 O-O 8. O-O Nc6 9. Nde2 Na5 10. Nf4 Nxb3 11. axb3 Bd7 12. Nfd5 Bc6 13. Be3 b6 14. f3 Qd7 15. Qd2 Bb7 16. Bh6 Nxd5 17. Nxd5 Bxh6 18. Qxh6 Bxd5 19. exd5 Qb5 20. Rfd1 Qc5+ 21. Kh1 Qxc2 22. Rac1 Qxb2 23. Re1 Rfe8 24. Rc7 Qxb3 25. h4 Qxd5 26. Rexe7 Rxe7 27. Rxe7 a5 28. f4 a4 29. f5 Qxf5 30. h5 Qxh5+ 31. Qxh5 gxh5 0-1


[Site "https://www.chess.com"]

[Event "Titled Tuesday Blitz June 21 Early 2022"]
[White "Agibileg, Uurtsaikh"]
[Black "Rosenberg, Evan S"]
[WhiteFideId "4901606"]
[BlackFideId "2019299"]
[WhiteElo "2205"]
[BlackElo "2364"]
[Result "1-0"]
[Round "01"]
[TimeControl "180+1"]
[Date "2022.06.22"]
[WhiteClock "0:01:10"]
[BlackClock "0:00:06"]

1. d4 Nf6 2. c4 e6 3. Nc3 Bb4 4. a3 Bxc3+ 5. bxc3 Nc6 6. e3 b6 7. Bd3 Ba6 8. Nf3 Na5 9. Qe2 c5 10. O-O Rc8 11. Nd2 Qc7 12. e4 cxd4 13. cxd4 Bxc4 14. Nxc4 Nxc4 15. Bg5 h6 16. Bh4 b5 17. a4 a6 18. axb5 axb5 19. Rfb1 Qc6 20. h3 d5 21. Bxf6 gxf6 22. Ra5 Nxa5 23. Bxb5 Nc4 24. Bxc6+ 1-0


[Site "https://www.chess.com"]

[Event "Titled Tuesday Blitz June 21 Early 2022"]
[White "Ajay Krishna, S"]
[Black "Yilmaz, Mustafa"]
[WhiteFideId "5096430"]
[BlackFideId "6302718"]
[WhiteElo "2247"]
[BlackElo "2568"]
[Result "1/2-1/2"]
[Round "01"]
[TimeControl "180+1"]
[Date "2022.06.21"]
[WhiteClock "0:00:10"]
[BlackClock "0:00:08"]

1. d4 d5 2. c4 e6 3. Nf3 Nf6 4. g3 Bb4+ 5. Bd2 Bd6 6. Bg2 O-O 7. O-O c6 8. c5 Bc7 9. Bg5 Nbd7 10. Nc3 h6 11. Bf4 Re8 12. b4 b6 13. Qa4 b5 14. Qc2 a5 15. a3 e5 16. dxe5 Nxe5 17. Nxe5 Bxe5 18. Bxe5 Rxe5 19. Rad1 Bf5 20. Qb2 Qe7 21. e3 h5 22. Ne2 Bg4 23. Nd4 Ra6 24. Ra1 h4 25. a4 axb4 26. axb5 Rxa1 27. Rxa1 Qxc5 28. Nxc6 Re6 29. Bf1 hxg3 30. hxg3 Ne4 31. Qd4 Qd6 32. Qxb4 Ng5 33. Qxd6 Rxd6 34. Bg2 Nf3+ 35. Bxf3 Bxf3 36. Nd4 Be4 37. Ra6 Rd7 38. b6 Rb7 39. Nb5 Bd3 40. Ra8+ Kh7 41. Nd4 Rxb6 42. Kg2 Be4+ 43. f3 Rb2+ 44. Kh3 Bd3 45. g4 g5 46. Kg3 Bf1 47. f4 gxf4+ 48. Kxf4 Bd3 49. Rd8 Be4 50. Kg5 Rf2 51. Rd7 Kg8 52. Nf5 Bxf5 53. gxf5 Kg7 54. Rxd5 f6+ 55. Kg4 Kh6 56. Rd7 Rg2+ 57. Kf3 Ra2 58. Rf7 Kg5 59. e4 Ra3+ 60. Kf2 Ra4 61. Ke3 Ra3+ 62. Kd4 Ra4+ 63. Kd5 Ra5+ 64. Kd4 Ra4+ 65. Kd5 Ra5+ 66. Kd4 Ra4+ 1/2-1/2


[Site "https://www.chess.com"]

[Event "Titled Tuesday Blitz June 21 Early 2022"]
[White "Alexiadis, Hristos"]
[Black "Legenia, Artem"]
[WhiteFideId "4249623"]
[BlackFideId "14136945"]
[WhiteElo "2416"]
[BlackElo "1936"]
[Result "1-0"]
[Round "01"]
[TimeControl "180+1"]
[Date "2022.06.22"]
[WhiteClock "0:01:16"]
[BlackClock "0:00:20"]

1. d4 d5 2. c4 e6 3. Nf3 c5 4. g3 Nc6 5. Bg2 Nf6 6. O-O Be7 7. dxc5 Bxc5 8. cxd5 exd5 9. Nbd2 O-O 10. Nb3 Bb6 11. Bg5 Be6 12. Rc1 h6 13. Bf4 Ne4 14. Nfd4 Rc8 15. Be3 Re8 16. Nxe6 fxe6 17. Bxb6 Qxb6 18. e3 Nd6 19. Qe2 Ne5 20. Nd4 a5 21. Bh3 Rxc1 22. Rxc1 Ndf7 23. b3 Ng5 24. Bg2 Ngf7 25. h4 Nc6 26. Nf3 Qb4 27. Qc2 Nce5 28. Nd4 a4 29. bxa4 Ra8 30. Nxe6 Qxa4 31. Qxa4 Rxa4 32. Bxd5 Kh7 33. Nf8+ Kg8 34. Rc8 Rb4 35. h5 Rb1+ 36. Kg2 Rb2 37. Ng6+ Kh7 38. Rh8+ Nxh8 39. Nf8# 1-0


[Site "https://www.chess.com"]

[Event "Titled Tuesday Blitz June 21 Early 2022"]
[White "Amburgy, Ryan"]
[Black "Nunez V, Gustavo Eduardo"]
[WhiteFideId "30924820"]
[BlackFideId "4403690"]
[WhiteElo "2066"]
[BlackElo "2228"]
[Result "1-0"]
[Round "01"]
[TimeControl "180+1"]
[Date "2022.06.22"]
[WhiteClock "0:00:06"]
[BlackClock "0:00:05"]

1. Nf3 g6 2. e4 Bg7 3. d4 d6 4. Nc3 Nd7 5. Be2 c5 6. d5 Ngf6 7. O-O O-O 8. h3 h6 9. Be3 a6 10. a4 g5 11. Nd2 Ne5 12. a5 b5 13. axb6 Qxb6 14. Nb3 g4 15. h4 h5 16. Re1 Ng6 17. Bg5 Nh7 18. Qd2 f6 19. Be3 Nxh4 20. Na5 Bd7 21. Nc4 Qc7 22. Bf4 Ng6 23. Bh2 f5 24. exf5 Bxf5 25. Bd3 h4 26. Bxf5 Rxf5 27. Qe2 Bxc3 28. bxc3 g3 29. fxg3 Raf8 30. g4 Rf2 31. Qe6+ Kg7 32. Rxa6 Rxc2 33. Nxd6 exd6 34. Bxd6 Qf7 35. Bxf8+ Nhxf8 36. Qf5 Qxf5 37. gxf5 Nf4 38. Ra7+ Kf6 39. Rf1 Ne2+ 40. Kh2 Ng3 41. Re1 Nxf5 42. Ra6+ Kg5 43. d6 Ne6 44. d7 Nf4 45. Rg1 h3 46. d8=Q+ Kg4 47. Qg8+ Kh4 48. Qh7+ Nh5 49. Rh6 hxg2 50. Rxh5+ Kg4 51. Qg6+ Kf4 52. Qxf5+ Ke3 53. Rh3+ Kd2 54. Rxg2+ Kc1 55. Qxc2# 1-0


[Site "https://www.chess.com"]

[Event "Titled Tuesday Blitz June 21 Early 2022"]
[White "Andreikin, Dmitry"]
[Black "Przybylski, Wojciech"]
[WhiteFideId "4158814"]
[BlackFideId "1117599"]
[WhiteElo "2736"]
[BlackElo "2133"]
[Result "1-0"]
[Round "01"]
[TimeControl "180+1"]
[Date "2022.06.21"]
[WhiteClock "0:01:56"]
[BlackClock "0:00:03"]

1. d4 Nf6 2. c4 c6 3. Bf4 d5 4. e3 Bf5 5. Nc3 e6 6. Qb3 Qc8 7. Rc1 dxc4 8. Bxc4 Nbd7 9. Nge2 Be7 10. f3 O-O 11. e4 Bg6 12. O-O Re8 13. Rfd1 b5 14. Bd3 Qb7 15. e5 Bxd3 16. Rxd3 Nd5 17. Nxd5 cxd5 18. Rdc3 Bd8 19. Be3 a6 20. f4 Ba5 21. Rc6 Rac8 22. Qc2 Rxc6 23. Qxc6 Qxc6 24. Rxc6 Nb8 25. Rc2 Kf8 26. g4 g6 27. f5 gxf5 28. gxf5 Ke7 29. Nf4 Rg8+ 30. Kf1 Kd7 31. Nh5 Bd8 32. Rf2 exf5 33. Rxf5 Ke6 34. Rf3 Nc6 35. Nf4+ Kd7 36. Nxd5 f5 37. exf6 Ke6 38. f7 Rf8 39. Nf4+ Kxf7 40. Ng6+ Kxg6 41. Rxf8 Be7 42. Ra8 Nb4 43. Bd2 Nd5 44. Rxa6+ Kf5 45. Ra5 Nc7 46. a4 Ke4 47. axb5 Kxd4 48. b6 Nd5 49. b7 Bd6 50. Ra8 Kd3 51. Rd8 Kxd2 52. Rxd6 1-0


[Site "https://www.chess.com"]

[Event "Titled Tuesday Blitz June 21 Early 2022"]
[White "Antonio, Jorge Carlos"]
[Black "Perez Gormaz, Matias"]
[WhiteFideId "113190"]
[BlackFideId "3406342"]
[WhiteElo "2247"]
[BlackElo "2341"]
[Result "1-0"]
[Round "01"]
[TimeControl "180+1"]
[Date "2022.06.22"]
[WhiteClock "0:00:37"]
[BlackClock "0:00:01"]

1. e4 d5 2. exd5 Qxd5 3. Nc3 Qd8 4. d4 Nf6 5. Bg5 c6 6. Nf3 Bg4 7. Be2 Nbd7 8. O-O e6 9. h3 Bh5 10. Ne5 Bxe2 11. Qxe2 Be7 12. Rfd1 O-O 13. Bh4 Nd5 14. Bxe7 Qxe7 15. Ne4 N5f6 16. Nxf6+ Nxf6 17. c3 Rad8 18. Rd3 c5 19. Rad1 Nd5 20. g3 b5 21. Nc6 Qc7 22. Nxd8 Rxd8 23. dxc5 Qxc5 24. Qe5 Qc6 25. h4 h6 26. Rd4 f6 27. Qe2 Kf7 28. Qh5+ Kg8 29. Re1 a6 30. Qe2 Rd6 31. Re4 Nc7 32. Rd4 Rxd4 33. cxd4 Kf7 34. Qh5+ Kg8 35. Qe2 Kf7 36. Qh5+ Kg8 37. Qc5 Qxc5 38. dxc5 Kf7 39. b4 Nd5 40. a3 Ke7 41. Rd1 g5 42. Kf1 gxh4 43. gxh4 Nc3 44. Rd6 1-0


[Site "https://www.chess.com"]

[Event "Titled Tuesday Blitz June 21 Early 2022"]
[White "Arpita, Mukherjee"]
[Black "Cherniaiev, Tykhon"]
[WhiteFideId "5056403"]
[BlackFideId "14182360"]
[WhiteElo "1934"]
[BlackElo "2289"]
[Result "0-1"]
[Round "01"]
[TimeControl "180+1"]
[Date "2022.06.22"]
[WhiteClock "0:00:06"]
[BlackClock "0:00:15"]

1. e4 c5 2. Nf3 e6 3. d4 cxd4 4. Nxd4 Nc6 5. Nc3 Qc7 6. Be2 Nf6 7. O-O Bb4 8. Ndb5 Qb8 9. a3 Be7 10. Be3 O-O 11. f4 d5 12. e5 Nd7 13. Nd4 Nxd4 14. Bxd4 a6 15. Bd3 Qc7 16. Kh1 Nc5 17. Be2 b5 18. f5 Ne4 19. Nxe4 dxe4 20. f6 Bc5 21. c3 Rd8 22. Qe1 Bxd4 23. cxd4 Rxd4 24. Qg3 g6 25. Qg5 Qd8 26. Rad1 Rd5 27. Rxd5 exd5 28. Rf4 Be6 29. Rh4 Qf8 30. Rh6 Rc8 31. h3 Qc5 32. Qh4 Qc1+ 33. Kh2 g5 34. Qg3 Qf4 35. Rh5 h6 36. Rxh6 Rc2 37. Qxf4 gxf4 38. Bg4 Bxg4 39. hxg4 e3 40. Rh5 e2 41. Rg5+ Kf8 42. Rh5 Ke8 43. e6 fxe6 44. Rh8+ Kf7 0-1


[Site "https://www.chess.com"]

[Event "Titled Tuesday Blitz June 21 Early 2022"]
[White "Aslanov, Umid"]
[Black "Khan, Taffin"]
[WhiteFideId "13412620"]
[BlackFideId "19700024"]
[WhiteElo "1796"]
[BlackElo "2000"]
[Result "1/2-1/2"]
[Round "01"]
[TimeControl "180+1"]
[Date "2022.06.22"]
[WhiteClock "0:01:02"]
[BlackClock "0:00:07"]

1. e4 c5 2. Nf3 e6 3. d4 cxd4 4. Nxd4 a6 5. Bd3 Qc7 6. O-O Nc6 7. Nxc6 dxc6 8. c4 e5 9. Be3 Nf6 10. f3 Be7 11. Qe2 O-O 12. Nc3 Nd7 13. Qf2 Qa5 14. a3 Bc5 15. b4 Bxe3 16. Qxe3 Qc7 17. Rad1 Nf6 18. Be2 Be6 19. Na4 Rad8 20. Qb6 Qxb6+ 21. Nxb6 Nd7 22. Nxd7 Rxd7 23. Rxd7 Bxd7 24. Rd1 Be6 25. g4 Re8 26. Kf2 Kf8 27. b5 axb5 28. cxb5 Ra8 29. bxc6 bxc6 30. Rc1 Rxa3 31. Rxc6 Ra2 32. Ke3 Ra3+ 33. Bd3 Bd7 34. Rb6 Ke7 35. Rb7 Kd6 36. Rb2 Be6 37. Ke2 Kc5 38. Rd2 Ra7 39. Ke3 f6 40. h3 Ra2 41. Rd1 Ra3 42. Rc1+ Kd6 43. Ke2 Ra2+ 44. Ke3 Ra3 45. Ke2 Ra2+ 46. Bc2 Bb3 47. Kd3 Rxc2 48. Rxc2 Bxc2+ 49. Kxc2 Kc5 50. Kc3 Kb5 51. Kb3 Kc5 52. Kc3 Kb5 53. Kb3 Kc5 54. Kc3 1/2-1/2


[Site "https://www.chess.com"]

[Event "Titled Tuesday Blitz June 21 Early 2022"]
[White "Baches Garcia, Guillermo"]
[Black "Costachi, Mihnea"]
[WhiteFideId "2209764"]
[BlackFideId "1217518"]
[WhiteElo "2442"]
[BlackElo "2476"]
[Result "1/2-1/2"]
[Round "01"]
[TimeControl "180+1"]
[Date "2022.06.22"]
[WhiteClock "0:00:24"]
[BlackClock "0:00:29"]

1. e4 e5 2. Nf3 Nf6 3. Nc3 Nc6 4. d4 exd4 5. Nxd4 Bb4 6. Nxc6 bxc6 7. Bd3 d5 8. Bd2 O-O 9. O-O Bg4 10. Qc1 Bxc3 11. Bxc3 dxe4 12. Bxf6 Qxf6 13. Bxe4 Rab8 14. b3 Bf5 15. Qf4 Bxe4 16. Qxe4 Rfe8 17. Qc4 Re6 18. Rae1 Rd6 19. Re3 h6 20. Rf3 Qe6 21. Qxe6 Rxe6 22. Rd1 Rd6 23. Rfd3 Rbd8 24. Kf1 f5 25. Ke2 Kf7 26. g3 g5 27. c4 Kf6 28. f4 c5 29. Rxd6+ cxd6 30. Re1 d5 31. cxd5 Rxd5 32. Rc1 Ke6 33. Rc4 gxf4 34. Rxf4 Ke5 35. Rh4 Rd6 36. Ra4 a6 37. Ra5 Kd4 38. Ra4+ Kd5 39. Rf4 Ke5 40. Rc4 Kd5 41. Rf4 Rf6 42. Kd3 Ke5 43. Rc4 Rd6+ 44. Ke3 Kd5 45. Rf4 Rf6 46. Rc4 Rf7 47. Kd3 Rd7 48. Rf4 Ke5+ 49. Kc3 Rd1 50. Rh4 Rd6 51. Ra4 Kd5 52. Rf4 Ke6 53. Rh4 Ke5 54. Rc4 Rd5 55. Rh4 Rd6 1/2-1/2


[Site "https://www.chess.com"]

[Event "Titled Tuesday Blitz June 21 Early 2022"]
[White "Bagrationi, Alexander"]
[Black "Sarana, Alexey"]
[WhiteFideId "14104954"]
[BlackFideId "24133795"]
[WhiteElo "2398"]
[BlackElo "2666"]
[Result "0-1"]
[Round "01"]
[TimeControl "180+1"]
[Date "2022.06.21"]
[WhiteClock "0:00:56"]
[BlackClock "0:01:06"]

1. e4 c5 2. Be2 e6 3. f4 d5 4. d3 Nf6 5. e5 Nfd7 6. Nf3 b5 7. O-O g6 8. c3 d4 9. Nbd2 dxc3 10. bxc3 Bb7 11. Ne4 Be7 12. Be3 a6 13. a4 Qc7 14. axb5 axb5 15. Rxa8 Bxa8 16. Nfd2 O-O 17. Qb3 Bc6 18. Ra1 Rd8 19. Bf3 Nb6 20. Qb1 Nd5 21. Bxc5 Nxc3 22. Qb4 Nxe4 23. Bxe7 Qb6+ 24. Kh1 Nf2+ 25. Kg1 Nh3+ 26. Kh1 Qg1+ 27. Rxg1 Nf2# 0-1


[Site "https://www.chess.com"]

[Event "Titled Tuesday Blitz June 21 Early 2022"]
[White "Barbashin, Igor"]
[Black "Arabidze, Meri"]
[WhiteFideId "4155718"]
[BlackFideId "13604040"]
[WhiteElo "2138"]
[BlackElo "2335"]
[Result "1-0"]
[Round "01"]
[TimeControl "180+1"]
[Date "2022.06.22"]
[WhiteClock "0:01:16"]
[BlackClock "0:00:15"]

1. d4 f5 2. c4 e6 3. Nc3 Nf6 4. Nf3 Bb4 5. g3 b6 6. Bg2 Bb7 7. O-O Bxc3 8. bxc3 O-O 9. d5 Na6 10. Nd4 Qe7 11. d6 cxd6 12. Bxb7 Nc5 13. Bxa8 Rxa8 14. Ba3 Nfe4 15. Qc2 h5 16. f3 Nf6 17. Rad1 a6 18. Bxc5 dxc5 19. Nb3 h4 20. e4 hxg3 21. hxg3 f4 22. g4 Nh7 23. Qh2 Ng5 24. Kg2 e5 25. Qh5 a5 26. a4 Nf7 27. Rh1 Qe6 28. Rd5 Re8 29. Qf5 d6 30. Qxe6 Rxe6 31. Nc1 g5 32. Ne2 Kg7 33. Rb1 1-0


[Site "https://www.chess.com"]

[Event "Titled Tuesday Blitz June 21 Early 2022"]
[White "Barria Zuniga, Daniel"]
[Black "Zaksaite, Salomeja"]
[WhiteFideId "3400816"]
[BlackFideId "12801496"]
[WhiteElo "2414"]
[BlackElo "1953"]
[Result "1-0"]
[Round "01"]
[TimeControl "180+1"]
[Date "2022.06.22"]
[WhiteClock "0:00:40"]
[BlackClock "0:00:03"]

1. d4 Nf6 2. c4 g6 3. Nc3 d5 4. Bf4 Bg7 5. e3 c5 6. dxc5 Qa5 7. Rc1 dxc4 8. Bxc4 O-O 9. Nf3 Qxc5 10. Bb3 Qa5 11. O-O Nc6 12. h3 Bf5 13. Qe2 Ne4 14. Nxe4 Bxe4 15. Rfd1 Bxf3 16. Qxf3 Bxb2 17. Rb1 Bg7 18. Bd5 e6 19. Be4 Ne5 20. Qe2 Rad8 21. Rxd8 Rxd8 22. Rb5 Qa4 23. Bxe5 Qxe4 24. Bxg7 Kxg7 25. Qb2+ Kg8 26. Rxb7 Rd1+ 27. Kh2 Rd8 28. Rxa7 h5 29. Qf6 1-0


[Site "https://www.chess.com"]

[Event "Titled Tuesday Blitz June 21 Early 2022"]
[White "Bethke, Richard"]
[Black "Chigaev, Maksim"]
[WhiteFideId "12959243"]
[BlackFideId "4108116"]
[WhiteElo "2511"]
[BlackElo "2457"]
[Result "0-1"]
[Round "01"]
[TimeControl "180+1"]
[Date "2022.06.21"]
[WhiteClock "0:00:01"]
[BlackClock "0:00:23"]

1. e4 c5 2. Nf3 d6 3. d4 cxd4 4. Nxd4 Nf6 5. Nc3 Nc6 6. Bg5 e6 7. Qd2 a6 8. O-O-O Bd7 9. f4 Be7 10. Nf3 b5 11. Bxf6 gxf6 12. f5 Qb6 13. Kb1 O-O-O 14. Ne2 Kb8 15. Nf4 Bc8 16. g3 d5 17. exd5 e5 18. Nh5 Nb4 19. g4 Bb7 20. Bg2 Nxd5 21. Qh6 Ne3 22. Nxe5 Bxg2 23. Nd7+ Rxd7 24. Rxd7 Bxh1 25. Rxe7 Rd8 26. a4 Nxc2 27. Nxf6 Qg1+ 28. Kxc2 Qc5+ 29. Kb1 Rd1+ 30. Ka2 Qxe7 31. Qf4+ Ka8 0-1


[Site "https://www.chess.com"]

[Event "Titled Tuesday Blitz June 21 Early 2022"]
[White "Bilych, Olexiy"]
[Black "Eggleston, Thomas A"]
[WhiteFideId "14156504"]
[BlackFideId "412139"]
[WhiteElo "2189"]
[BlackElo "2174"]
[Result "1-0"]
[Round "01"]
[TimeControl "180+1"]
[Date "2022.06.22"]
[WhiteClock "0:01:24"]
[BlackClock "0:01:26"]

1. e4 e6 2. d4 d5 3. Nc3 Nf6 4. e5 Nfd7 5. f4 c5 6. Nf3 Nc6 7. Be3 Be7 8. Be2 O-O 9. O-O b6 10. Qd2 f6 11. dxc5 Nxc5 12. Rad1 fxe5 13. fxe5 Bb7 14. Bd3 Qe8 15. Bg5 Qh5 16. Bxe7 Nxe7 17. Qg5 Qxg5 18. Nxg5 Nf5 19. Nxe6 Nxe6 20. Bxf5 Nc7 21. Bd7 Rxf1+ 22. Rxf1 d4 23. Ne2 Rd8 24. e6 a6 25. e7 Rxd7 26. Rf8# 1-0


[Site "https://www.chess.com"]

[Event "Titled Tuesday Blitz June 21 Early 2022"]
[White "Boder, Jan"]
[Black "Korchmar, Vasiliy"]
[WhiteFideId "16243226"]
[BlackFideId "24131750"]
[WhiteElo "2064"]
[BlackElo "2370"]
[Result "1-0"]
[Round "01"]
[TimeControl "180+1"]
[Date "2022.06.22"]
[WhiteClock "0:00:16"]
[BlackClock "0:00:02"]

1. b3 Nf6 2. Bb2 g6 3. Bxf6 exf6 4. c4 Bg7 5. g3 d5 6. cxd5 Qxd5 7. Nf3 Nc6 8. Nc3 Qh5 9. Bg2 Bh3 10. O-O O-O-O 11. Rc1 Rhe8 12. b4 Kb8 13. b5 Ne5 14. Qc2 Bxg2 15. Kxg2 Nxf3 16. exf3 Qc5 17. Qb3 Re6 18. d4 Qe7 19. Nd5 Qd6 20. Nxc7 Re7 21. b6 Qxb6 22. Qxb6 axb6 23. Nb5 f5 24. Rfd1 Rd5 25. a4 Red7 26. Rc4 h5 27. f4 Re7 28. Kf3 Rd8 29. h4 Red7 30. Ke3 Bf6 31. Kf3 Be7 32. Rdc1 Bf6 33. Rc7 Bg7 34. d5 Bf8 35. d6 Bxd6 36. Rxd7 Rxd7 37. Rd1 f6 38. Rxd6 Rxd6 39. Nxd6 Kc7 40. Nc4 Kc6 41. Ke3 b5 42. axb5+ Kxb5 43. Kd4 Kb4 44. Nb6 Kb5 45. Nd5 Ka4 46. Kc3 b5 47. Kb2 b4 48. Nxf6 Kb5 49. Nd7 Kc4 50. Nf8 Kd4 51. Nxg6 Ke4 52. Ne7 1-0


[Site "https://www.chess.com"]

[Event "Titled Tuesday Blitz June 21 Early 2022"]
[White "Borgaonkar Akshay"]
[Black "Riehle, Marco"]
[WhiteFideId "25639110"]
[BlackFideId "12904392"]
[WhiteElo "1660"]
[BlackElo "2462"]
[Result "0-1"]
[Round "01"]
[TimeControl "180+1"]
[Date "2022.06.21"]
[WhiteClock "0:00:10"]
[BlackClock "0:01:12"]

1. d4 d5 2. Bf4 h5 3. e3 e5 4. Bxe5 f6 5. Qd3 fxe5 6. Qg6+ Kd7 7. dxe5 Rh6 8. e6+ Kd6 9. Qg3+ Kxe6 10. Nf3 Qd6 11. Ng5+ Ke7 12. Qf3 Nf6 13. Qd1 Bg4 14. f3 Bf5 15. Nc3 Nc6 16. Bd3 Bxd3 17. Qxd3 Re8 18. O-O-O Nd8 19. Nxd5+ Nxd5 20. Qxd5 Qxd5 21. Rxd5 Ne6 22. Nxe6 Rxe6 23. e4 g6 24. Rhd1 Rd6 25. Re5+ Kd7 26. Rxd6+ Bxd6 27. Rd5 c6 28. Rd1 Kc7 29. g3 g5 30. Kd2 h4 31. gxh4 gxh4 32. h3 Bf4+ 33. Ke2 Rg8 34. Kf2 Rd8 35. Rd3 Rxd3 36. cxd3 c5 37. a3 Kd6 38. b4 cxb4 39. axb4 Ke5 40. d4+ Kxd4 41. Ke2 Kc4 0-1


[Site "https://www.chess.com"]

[Event "Titled Tuesday Blitz June 21 Early 2022"]
[White "Bortnyk, Olexandr"]
[Black "Fromm, Marius"]
[WhiteFideId "14120828"]
[BlackFideId "12993190"]
[WhiteElo "2723"]
[BlackElo "2274"]
[Result "1-0"]
[Round "01"]
[TimeControl "180+1"]
[Date "2022.06.21"]
[WhiteClock "0:00:51"]
[BlackClock "0:00:15"]

1. d4 Nf6 2. Nc3 d5 3. Bf4 a6 4. e3 e6 5. a3 c5 6. Nf3 Nc6 7. h3 Bd6 8. dxc5 Bxc5 9. Bd3 O-O 10. O-O h6 11. e4 Re8 12. e5 Nd7 13. Qd2 Bf8 14. b4 f6 15. exf6 Qxf6 16. Rfe1 Qf7 17. Nh4 Rd8 18. Bc7 Nf6 19. Bxd8 Nxd8 20. Ng6 Bd6 21. Re2 Qc7 22. Rae1 Nf7 23. f4 Bd7 24. Ne5 Be8 25. Bg6 Nxe5 26. fxe5 Bxg6 27. exd6 Qb6+ 28. Kh1 Bf7 29. Rxe6 Bxe6 30. Rxe6 Rd8 31. Nxd5 Nxd5 32. Qxd5 Kh8 33. d7 Qc7 34. Re8+ Kh7 35. Qe4+ 1-0


[Site "https://www.chess.com"]

[Event "Titled Tuesday Blitz June 21 Early 2022"]
[White "Bryakin, Mikhail"]
[Black "Daeschler, Florian"]
[WhiteFideId "4165314"]
[BlackFideId "20678193"]
[WhiteElo "2417"]
[BlackElo "2221"]
[Result "1-0"]
[Round "01"]
[TimeControl "180+1"]
[Date "2022.06.22"]
[WhiteClock "0:00:31"]
[BlackClock "0:00:01"]

1. e4 e5 2. Nf3 Nc6 3. Nc3 Nf6 4. d4 exd4 5. Nxd4 Bb4 6. Nxc6 bxc6 7. Bd3 d5 8. exd5 O-O 9. O-O cxd5 10. Bg5 c6 11. Qf3 h6 12. Bxf6 Qxf6 13. Qxf6 gxf6 14. a3 Bxc3 15. bxc3 c5 16. Rfd1 Rb8 17. Be2 Be6 18. Rab1 Rb6 19. Rb3 Rfb8 20. Rdb1 Bf5 21. Rxb6 axb6 22. Bd3 Bxd3 23. cxd3 Ra8 24. Rb3 c4 25. dxc4 dxc4 26. Rxb6 Rxa3 27. h4 Kg7 28. Rc6 Rxc3 29. g3 h5 30. Kg2 Kg6 31. Rc5 Rc2 32. Kf3 c3 33. Rc6 Kg7 34. Rc5 Kh6 35. Rc7 Kg6 36. Rc6 Rc1 37. Kf4 Kg7 38. Rc8 Rc2 39. f3 Kg6 40. Rg8+ Kh7 41. Rc8 Kg7 42. Kf5 Rg2 43. g4 hxg4 44. fxg4 c2 45. Rc6 Rd2 46. Kf4 Kf8 47. Rc7 Rh2 48. h5 Kg7 49. Rc6 Rf2+ 50. Ke3 Rg2 51. Kf3 Rd2 52. Ke3 Rh2 53. Kf4 Rg2 54. Kf3 Rh2 55. Kg3 Rd2 56. Kf4 Kf8 57. Kf5 Ke7 58. Rc7+ Kd6 59. Rc8 Rf2+ 60. Ke4 Kd7 61. Rc3 Rh2 62. Kf5 Ke7 63. Rc7+ Kd6 64. Rc8 Kd5 65. Kxf6 Rf2+ 66. Kg7 Rg2 67. Kxf7 Ke5 68. h6 Rxg4 69. Rxc2 Rf4+ 70. Kg6 Rg4+ 71. Kf7 Rf4+ 72. Ke7 Rh4 73. Rc6 Kf5 74. Kf7 Kg5 75. Kg7 Ra4 76. Rc7 Rh4 77. h7 1-0


[Site "https://www.chess.com"]

[Event "Titled Tuesday Blitz June 21 Early 2022"]
[White "Buscar, Michael"]
[Black "Lianes Garcia, Marcos"]
[WhiteFideId "2603616"]
[BlackFideId "32060777"]
[WhiteElo "2010"]
[BlackElo "2310"]
[Result "0-1"]
[Round "01"]
[TimeControl "180+1"]
[Date "2022.06.22"]
[WhiteClock "0:00:01"]
[BlackClock "0:00:42"]

1. Nf3 g6 2. c4 Bg7 3. g3 c5 4. Bg2 Nc6 5. O-O Nf6 6. Nc3 O-O 7. d4 cxd4 8. Nxd4 d6 9. Nxc6 bxc6 10. Bxc6 Bh3 11. Bg2 Bxg2 12. Kxg2 Rc8 13. Qa4 Qc7 14. Bd2 Qxc4 15. Qxc4 Rxc4 16. Rfc1 Rfc8 17. Nb5 a6 18. Na7 Rxc1 19. Rxc1 Rxc1 20. Bxc1 Kf8 21. b4 Nd5 22. b5 axb5 23. Nxb5 Ke8 24. Kf3 Kd7 25. Ke4 Kc6 26. a4 Nb6 27. Nd4+ Bxd4 28. Kxd4 Nxa4 29. h4 h5 30. f3 e5+ 31. Ke3 Kd5 32. g4 f5 33. gxh5 gxh5 34. Ba3 Nb6 35. Kf2 Nc4 36. Bb4 Kc6 37. Kg3 Kb5 38. Bc3 Ka4 39. Be1 Kb3 40. Bf2 Kc2 41. Ba7 Kd1 42. Kf2 Kd2 43. Bb8 d5 44. Bc7 e4 45. fxe4 fxe4 46. Bf4+ e3+ 0-1


[Site "https://www.chess.com"]

[Event "Titled Tuesday Blitz June 21 Early 2022"]
[White "Chernomordik, Pavel"]
[Black "Rostovtsev, Dmitry"]
[WhiteFideId "2804530"]
[BlackFideId "34278320"]
[WhiteElo "2220"]
[BlackElo "2311"]
[Result "0-1"]
[Round "01"]
[TimeControl "180+1"]
[Date "2022.06.22"]
[WhiteClock "0:00:23"]
[BlackClock "0:01:09"]

1. e4 e5 2. Nf3 Nc6 3. Bb5 a6 4. Ba4 Nf6 5. Qe2 b5 6. Bb3 Bc5 7. a4 Rb8 8. axb5 axb5 9. c3 d6 10. h3 O-O 11. O-O b4 12. Ba4 Bd7 13. Rd1 Ra8 14. b3 Ne7 15. d4 exd4 16. cxd4 Bb6 17. e5 Nfd5 18. Bg5 h6 19. Bh4 Nf4 20. Qe4 Nfg6 21. Nbd2 d5 22. Qd3 Bf5 23. Qe3 Nxh4 24. Nxh4 Bh7 25. e6 fxe6 26. Qxe6+ Kh8 27. Ndf3 Nf5 28. Ng6+ Bxg6 29. Qxg6 Qf6 30. Qxf6 gxf6 31. Bc6 Rad8 32. g4 Ne7 33. Bb5 Ng6 34. Re1 h5 35. Kh2 hxg4 36. hxg4 Kg7 37. Kg3 Rh8 38. Bd3 c6 39. Re6 Bc7+ 40. Ne5 Nxe5 41. dxe5 Bxe5+ 42. Rxe5 fxe5 43. g5 e4 44. Be2 Kg6 45. Ra6 Rd6 46. Rb6 Kxg5 47. Rxb4 Kf5 48. Bg4+ Ke5 49. f4+ exf3 50. Bxf3 Rg8+ 51. Kf2 Rf6 52. Rh4 Rgf8 53. Rh3 Kd4 54. Ke2 Rxf3 55. Rxf3 Rxf3 56. Kxf3 Kc3 0-1


[Site "https://www.chess.com"]

[Event "Titled Tuesday Blitz June 21 Early 2022"]
[White "Clasby, Derek"]
[Black "Warchol, Kamil"]
[WhiteFideId "30932300"]
[BlackFideId "21858241"]
[WhiteElo "2013"]
[BlackElo "1951"]
[Result "1-0"]
[Round "01"]
[TimeControl "180+1"]
[Date "2022.06.22"]
[WhiteClock "0:00:14"]
[BlackClock "0:00:01"]

1. e4 c5 2. Nf3 d6 3. Bc4 Nf6 4. d3 a6 5. a4 Nc6 6. h3 e6 7. O-O d5 8. exd5 exd5 9. Ba2 Be7 10. c3 d4 11. cxd4 cxd4 12. Bg5 O-O 13. Bxf6 Bxf6 14. Nbd2 Bf5 15. Ne4 Bxe4 16. dxe4 Re8 17. Re1 d3 18. Bd5 Nb4 19. Bxf7+ Kxf7 20. Qb3+ Kg6 21. Qxb4 a5 22. Qb5 Ra6 23. Qf5+ Kh6 24. e5 g6 25. Qf4+ Bg5 26. Qe4 Rb6 27. Rad1 d2 28. Re2 Rxb2 29. h4 Be7 30. Rexd2 Rxd2 31. Rxd2 Qc8 32. Rc2 Qd7 33. e6 Qd1+ 34. Kh2 Bd6+ 35. g3 Re7 36. Rd2 Qf1 37. Qe3+ Kg7 38. Qd4+ Kh6 39. Qxd6 Rg7 40. Qf4+ g5 41. Qxg5+ Rxg5 42. Nxg5 Qe1 43. Rb2 Kg6 44. Kg2 h6 45. Nf3 Qxe6 46. Rxb7 Qd5 47. Rb5 Qe4 48. Rxa5 Qd3 49. Ne5+ 1-0


[Site "https://www.chess.com"]